 Dungeon Crawl Stone Soup version 0.18.1-50-g88ac8fd (webtiles) character file.

8415 TheDrakenKing the Eclecticist (level 11, -8/59 HPs)
             Began as a Deep Elf Conjurer on Oct 31, 2016.
             Was an Elder of Makhleb.
             Mangled by Maud
             ... wielding a +2 scimitar
              (19 damage)
             ... on level 1 of the Orcish Mines.
             The game lasted 00:54:14 (12830 turns).

TheDrakenKing the Eclecticist (Deep Elf Conjurer)  Turns: 12830, Time: 00:54:14

Health: -8/59      AC:  5    Str:  8    XL:     11   Next: 9%
Magic:  1/41       EV: 13    Int: 24    God:    Makhleb [****..]
Gold:   647        SH:  3    Dex: 15    Spells: 5 memorised, 26 levels left

rFire  . . .     SeeInvis .     D - +6 dagger "Nieppuy" {venom, rC+ MP+9 Str+3}
rCold  + + +     Gourm    .     B - +2 robe {rC+}
rNeg   . . .     Faith    .     (no shield)
rPois  .         Spirit   .     (no helmet)
rElec  .         Dismiss  .     (no cloak)
rCorr  .         Reflect  +     (no gloves)
SustAt .         Harm     .     (no boots)
MR     +....     Clarity  +     m - +3 amulet of reflection
Stlth  ++........               G - +2 ring of slaying
                                q - ring of protection from cold

@: somewhat resistant to hostile enchantments, unstealthy
A: clarity, robust 1, shaggy fur 1, no device heal 1, MP-powered wands
a: Minor Destruction, Lesser Servant of Makhleb, Major Destruction, Renounce
Religion


You were on level 1 of the Orcish Mines.
You worshipped Makhleb.
Makhleb was greatly pleased with you.
You were not hungry.

You visited 3 branches of the dungeon, and saw 12 of its levels.

You collected 973 gold pieces.
You spent 326 gold pieces at shops.

Inventory:

Hand Weapons
 D - the +6 dagger "Nieppuy" (weapon) {venom, rC+ MP+9 Str+3}
   (You found it on level 5 of the Dungeon)

   It poisons the flesh of those it strikes.
   It affects your strength (+3).
   It protects you from cold.
   It affects your magic capacity (+9).
Armour
 B - a +2 robe of cold resistance (worn)
Jewellery
 m - a +3 amulet of reflection (around neck)
 q - a ring of protection from cold (left hand)
 t - an uncursed ring of protection from cold
 G - a +2 ring of slaying (right hand)
Wands
 a - a wand of iceblast (4/15)
 x - a wand of polymorph (17/24)
 C - a wand of random effects (23/48)
 H - a wand of flame (37/48)
 L - a wand of lightning (3/15)
Scrolls
 d - 2 scrolls of amnesia {unknown}
 f - 2 scrolls of recharging {unknown}
 h - 2 scrolls of immolation {unknown}
 j - 4 scrolls of teleportation {unknown}
 k - a scroll of fear {unknown}
 n - a scroll of magic mapping {unknown}
 o - 2 scrolls of enchant armour {unknown}
 y - 3 scrolls of remove curse {unknown}
 z - 2 scrolls of random uselessness {unknown}
 E - 3 scrolls of blinking {unknown}
 K - a scroll of acquirement {unknown}
Potions
 l - a potion of haste {unknown}
 r - 2 potions of invisibility
 s - 3 potions of flight
 u - 2 potions of berserk rage
 F - a potion of brilliance {unknown}
Books
 b - a book of Conjurations

   Spells                             Type                      Level
   a - Magic Dart                     Conjuration                  1
   b - Searing Ray                    Conjuration                  2
   c - Dazzling Spray                 Conjuration/Hexes            3
   d - Fulminant Prism                Conjuration/Hexes            4
   e - Iskenderun's Mystic Blast      Conjuration                  4
   f - Iskenderun's Battlesphere      Conjuration/Charms           5
 p - a book of Dreams

   Spells                             Type                      Level
   a - Ensorcelled Hibernation        Hexes/Ice                    2
   b - Silence                        Hexes/Air                    5
   c - Darkness                       Hexes                        6
   d - Shadow Creatures               Summoning                    6
 v - a book of Death

   Spells                             Type                      Level
   a - Corpse Rot                     Necromancy                   2
   b - Sublimation of Blood           Necromancy                   2
   c - Agony                          Necromancy                   5
   d - Dispel Undead                  Necromancy                   5
   e - Excruciating Wounds            Charms/Necromancy            5
   f - Bolt of Draining               Conjuration/Necromancy       5
Comestibles
 c - 2 slices of pizza
 g - a meat ration
 I - a beef jerky
 J - 20 fruits


   Skills:
 + Level 7.0 Short Blades
 - Level 2.4 Dodging
 - Level 2.4 Stealth
 + Level 15.4 Spellcasting
 - Level 8.0 Conjurations
 - Level 9.0 Necromancy


You had 26 spell levels left.
You knew the following spells:

 Your Spells              Type           Power        Failure   Level  Hunger
a - Magic Dart            Conj           ####         1%          1    None
b - Iskenderun's Mystic   Conj           ######..     1%          4    None
c - Searing Ray           Conj           ######       1%          2    None
d - Corpse Rot            Necr           N/A          1%          2    None
e - Dispel Undead         Necr           ######..     2%          5    ##.....


Dungeon Overview and Level Annotations

Branches:
Dungeon (9/15)             Temple (1/1) D:4             Orc (2/2) D:9
    Elf (0/3) Orc:2
   Lair: D:8-11

Altars:
Ashenzari
Cheibriados
Dithmenos
Elyvilon
Fedhas
Gozag
Kikubaaqudgha
Makhleb
Nemelex Xobeh
Okawaru
Pakellas
Qazlal
Ru
Sif Muna
Trog
Vehumet
Xom
Yredelemnul
Zin
The Shining One
Beogh

Shops:
D:6 *   D:7 (   D:9 [*

Annotations:
Orc:1 Maud


Innate Abilities, Weirdness & Mutations

You possess an exceptional clarity of mind.
You are robust (+10% HP).
You are covered in fur (AC +1).
Potions and wands are less effective at restoring your health.
You expend magic power (3 MP) to strengthen your wands.


Message History

Drink which item? (? for menu, Esc to quit)
You feel better.
Drink which item? (? for menu, Esc to quit)
You feel better. Maud barely misses you.
Drink which item? (? for menu, Esc to quit)
You feel better. Maud closely misses you.
Drink which item? (? for menu, Esc to quit)
You feel better.
Maud hits you with an enchanted scimitar!!
* * * LOW HITPOINT WARNING * * *
Casting: Iskenderun's Mystic Blast
Confirm with . or Enter, or press ? or * to list all spells.
Aiming: Iskenderun's Mystic Blast
Press: ? - help, Shift-Dir - straight line, f/p - Maud
Aim: Maud, wielding an enchanted scimitar and wearing a shiny plate armour (moderately wounded)
The orb of energy hits Maud.
Maud is moderately wounded.
The orb of energy explodes!
Maud hits you with an enchanted scimitar!!
You die...

#..)................#
####..................##
#..........#.[.........#
.......>...........#..##
#........[).).[....#...#
#......................#
.#....................##
.......................#
................@...#.##
..#........)...@.......#
##....................##
.##.......#.##.#.......#
##.....#.....###......##
###....#....####......##
#....##.####....#....#
##.....#.###....####.##
##.........##.....##...#


You could see Maud.

Vanquished Creatures
  The ghost of TheDrakenKing the Thaumaturge, a novice DECj of Sif Muna (D:9)
  Pikel (D:6)
  An orc sorcerer (Orc:1)
  A cyclops (Orc:2)
  The ghost of TheDrakenKing the Thaumaturge, a novice DECj of Makhleb (D:5)
  2 trolls (Orc:1)
  A wyvern (D:9)
  5 yaks (D:9)
  A hungry ghost (D:9)
  2 centaurs (D:6)
  2 wargs
  A water moccasin (D:6)
  2 ice beasts
  A sky beast (D:7)
  2 black bears
  A slave (D:6)
  8 orc warriors
  7 ogres
  A phantom (D:9)
  A crocodile (D:7)
  3 big kobolds
  5 giant frogs
  6 scorpions
  3 howler monkeys (D:9)
  7 crimson imps
  A centaur zombie (D:9)
  6 orc priests
  2 jellies
  5 hounds
  Jessica (D:3)
  A giant frog skeleton (D:4)
  4 iguanas
  11 orc wizards
  5 worker ants
  2 hound zombies
  A hound skeleton (D:5)
  A howler monkey zombie (D:5)
  A worker ant zombie (D:9)
  Robin (D:3)
  6 gnolls
  10 adders
  2 shadow imps (D:5)
  An ooze (D:2)
  2 adder zombies
  2 adder skeletons
  A worm (D:2)
  2 dart slugs
  3 giant geckos
  49 orcs
  3 giant cockroaches
  16 goblins
  5 hobgoblins
  3 jackals (D:3)
  26 kobolds
  4 quokkas
  2 ball pythons
  A ball python skeleton (D:6)
  4 bats
  A giant gecko zombie (D:8)
  15 giant newts
  9 rats
275 creatures vanquished.

Vanquished Creatures (others)
  A slave (D:6)
  A worker ant (D:6)
  A giant cockroach zombie (D:6)
  A quokka skeleton (D:6)
4 creatures vanquished.

Grand Total: 279 creatures vanquished

Notes
Turn   | Place    | Note
--------------------------------------------------------------
     0 | D:1      | TheDrakenKing the Deep Elf Conjurer began the quest for the Orb.
     0 | D:1      | Reached XP level 1. HP: 10/10 MP: 6/6
   239 | D:1      | Reached XP level 2. HP: 15/15 MP: 4/8
   484 | D:1      | Reached skill level 4 in Spellcasting
  1048 | D:2      | Reached XP level 3. HP: 19/19 MP: 4/10
  1279 | D:2      | Reached skill level 5 in Conjurations
  1685 | D:2      | Found a bloodstained altar of Trog.
  1729 | D:3      | Reached XP level 4. HP: 24/24 MP: 8/12
  1737 | D:3      | Learned a level 4 spell: Iskenderun's Mystic Blast
  1740 | D:3      | Learned a level 2 spell: Searing Ray
  1860 | D:3      | Reached skill level 5 in Spellcasting
  2335 | D:3      | Noticed Jessica
  2339 | D:3      | Killed Jessica
  2382 | D:3      | Reached XP level 5. HP: 28/28 MP: 12/15
  2904 | D:3      | Noticed Robin
  2942 | D:3      | Killed Robin
  3300 | D:4      | Reached skill level 6 in Spellcasting
  3830 | D:4      | Found a staircase to the Ecumenical Temple.
  3867 | Temple   | Entered the Ecumenical Temple
  3944 | Temple   | Became a worshipper of Makhleb the Destroyer
  4031 | D:4      | Reached XP level 6. HP: 32/32 MP: 5/17
  4174 | D:4      | Learned a level 2 spell: Corpse Rot
  4504 | D:5      | Entered Level 5 of the Dungeon
  4540 | D:5      | Reached skill level 7 in Spellcasting
  4761 | D:5      | Reached XP level 7. HP: 36/36 MP: 10/20
  5072 | D:5      | Noticed TheDrakenKing's ghost (novice DECj)
  5075 | D:5      | Killed TheDrakenKing's ghost
  5075 | D:5      | Reached skill level 8 in Spellcasting
  5382 | D:5      | Got a translucent dagger
  5383 | D:5      | Identified the +6 dagger "Nieppuy" {venom, rC+ MP+9 Str+3} (You found it on level 5 of the Dungeon)
  5645 | D:5      | Reached * piety under Makhleb
  5645 | D:5      | Reached skill level 9 in Spellcasting
  5792 | D:5      | Reached skill level 1 in Necromancy
  6196 | D:6      | Reached XP level 8. HP: 41/41 MP: 21/23
  6422 | D:6      | Found Fuzaun's General Store.
  6430 | D:6      | Bought a scroll of brand weapon for 280 gold pieces
  6639 | D:6      | Found a stormy altar of Qazlal.
  6655 | D:6      | Reached skill level 10 in Spellcasting
  6768 | D:6      | Noticed Pikel
  6778 | D:6      | Killed Pikel
  6778 | D:6      | Reached skill level 11 in Spellcasting
  6785 | D:6      | Learned a level 5 spell: Dispel Undead
  7254 | D:6      | Reached ** piety under Makhleb
  7254 | D:6      | Reached XP level 9. HP: 12/45 MP: 25/26
  7845 | D:7      | Reached skill level 12 in Spellcasting
  8017 | D:7      | Gained mutation: You possess an exceptional clarity of mind. [mutagenic meat]
  8018 | D:7      | Gained mutation: You expend magic power (3 MP) to strengthen your wands. [mutagenic meat]
  8220 | D:7      | Found Cupawauj's Weapon Boutique.
  8827 | D:8      | Reached *** piety under Makhleb
  9173 | D:8      | Reached skill level 13 in Spellcasting
  9372 | D:8      | Reached skill level 1 in Short Blades
  9556 | D:9      | Found a staircase to the Orcish Mines.
  9687 | D:9      | Noticed TheDrakenKing's ghost (novice DECj)
  9700 | D:9      | Killed TheDrakenKing's ghost
  9700 | D:9      | Reached XP level 10. HP: 50/50 MP: 0/29
 10005 | D:9      | Reached skill level 14 in Spellcasting
 10348 | D:9      | Found a shadowy altar of Dithmenos.
 10417 | D:9      | Found an opulent altar of Gozag.
 10428 | D:9      | Found Niebit's Antique Armour Boutique.
 10664 | D:9      | Reached skill level 5 in Short Blades
 10681 | D:9      | Reached **** piety under Makhleb
 10843 | D:9      | Found Nuf Gosh's Assorted Antiques.
 10851 | D:9      | Bought a scroll of identify for 46 gold pieces
 10852 | D:9      | Gained mutation: You are robust (+10% HP). [potion of mutation]
 10852 | D:9      | Gained mutation: You are covered in fur (AC +1). [potion of mutation]
 10852 | D:9      | Gained mutation: Potions and wands are less effective at restoring your health. [potion of mutation]
 10891 | D:9      | Found a blossoming altar of Fedhas.
 11116 | Orc:1    | Entered Level 1 of the Orcish Mines
 11602 | Orc:1    | Noticed an orc sorcerer
 11604 | Orc:1    | Paralysed by an orc sorcerer for 7 turns
 11619 | Orc:1    | Killed an orc sorcerer
 11619 | Orc:1    | Reached skill level 15 in Spellcasting
 11822 | Orc:1    | Found a bloodstained altar of Trog.
 11963 | Orc:1    | Found a roughly hewn altar of Beogh.
 12093 | Orc:2    | Entered Level 2 of the Orcish Mines
 12093 | Orc:2    | Found a staircase to the Elven Halls.
 12102 | Orc:2    | Noticed a cyclops
 12334 | Orc:1    | Reached XP level 11. HP: 55/59 MP: 32/32
 12804 | Orc:2    | Noticed Maud
 12807 | Orc:2    | Noticed an ettin
 12830 | Orc:1    | Mangled by Maud

Skill      XL: |  1  2  3  4  5  6  7  8  9 10 11 |
---------------+----------------------------------+-----
Spellcasting   | 4 5 6 7 9 11 13 15 | 15.4
Conjurations   | 5 6 7 8 |  8.0
Necromancy     | 2 6 9 |  9.0
Short Blades   | 2 6 7 |  7.0
Dodging        | |  2.4
Stealth        | |  2.4

Action                   |  1- 3 |  4- 6 |  7- 9 | 10-12 || total
-------------------------+-------+-------+-------+-------++-------
Melee: Whip              |     2 |       |       |       ||     2
       Quarterstaff      |       |     6 |       |       ||     6
       Mace              |       |       |     5 |       ||     5
       Dagger            |       |       |     2 |    60 ||    62
 Fire: Hunting sling     |       |    19 |       |       ||    19
 Cast: Magic Dart        |    70 |   139 |    97 |    75 ||   381
       Iskenderun's Myst |       |     9 |   135 |   110 ||   254
       Corpse Rot        |       |       |       |     1 ||     1
  Use: Scroll            |     2 |     3 |     4 |     2 ||    11
       Potion            |       |     2 |     4 |    11 ||    17
  Eat: Bread ration      |     1 |       |     1 |     1 ||     3
       Fruit             |       |     3 |       |       ||     3
       Chunk             |       |     4 |     4 |       ||     8
       Beef jerky        |       |     1 |     2 |       ||     3
       Meat ration       |       |       |     2 |     1 ||     3
Armor: Robe              |       |     2 |     7 |     6 ||    15
       Skin              |       |       |       |    19 ||    19
Dodge: Dodged            |     5 |    26 |    27 |    25 ||    83
Block: Other             |       |       |       |    14 ||    14
       Reflection        |       |       |       |     2 ||     2
